 Dungeon Sprint DCSS version 0.27-a0-1557-g57f10a385c (webtiles) character file.

Game seed: 5719115906495975200

37 Sopht the Skirmisher (level 3, 0/36 HPs)
             Began as a Draconian Berserker on July 16, 2021.
             Was a Priest of Trog.
             Slain by an ogre (29 damage)
             ... in the Dungeon (Sprint IX: "|||||||||||||||||||||||||||||").
             The game lasted 00:00:32 (29 turns).

Sopht the Skirmisher (Draconian Berserker)            Turns: 29, Time: 00:00:33

Health: 0/36       AC:  5    Str: 20    XL:     3   Next: 21%
Magic:  3/3        EV: 13    Int:  7    God:    Trog [***...]
Gold:   0          SH:  0    Dex: 10    Spells: 2/2 levels left

rFire    . . .     SeeInvis .   a - +0 short sword
rCold    . . .     Faith    .   (no shield)
rNeg     . . .     Spirit   .   (armour unavailable)
rPois    .         Reflect  .   (helmet restricted)
rElec    .         Harm     .   (no cloak)
rCorr    .         Rampage  .   (no gloves)
Will     .....     NoTele   +   (no boots)
Stlth    +.........             (no amulet)
HPRegen  0.12/turn              (no ring)
MPRegen  0.08/turn              (no ring)

@: on berserk cooldown, slowed, very slow
A: AC +5, unfitting armour, cold-blooded
a: Renounce Religion, Berserk, Trog's Hand


You were in the Dungeon.
You worshipped Trog.
Trog was most pleased with you.
You visited 1 branch

Inventory:

Hand Weapons
 a - a +0 short sword (weapon)
Scrolls
 g - a scroll of blinking
Potions
 b - a potion of curing
 c - a potion of heal wounds
 d - a potion of haste
 e - 2 potions of magic
 f - a potion of berserk rage


   Skills:
 + Level 5.2 Fighting
 + Level 4.8 Short Blades
 + Level 4.2 Dodging


You had 2 spell levels left.
You didn't know any spells.
Your spell library was empty.

Dungeon Overview and Level Annotations

Branches:
Dungeon (1/1)

Altars:


Innate Abilities, Weirdness & Mutations

Your plain brown scales are hard. (AC +5)
You cannot fit into any form of body armour.
You are cold-blooded and may be slowed by cold attacks.


Message History

You are no longer berserk.
You are exhausted.
You feel yourself slow down.
You see here a bat corpse.
There is an open door to the Dungeon here.
You see here a +0 dagger.
You see here a bat corpse.
You see here a ball python corpse.
As you open the door, it creaks loudly!
A worm, a jelly, an ogre, a zombie and a skeleton come into view.
The ogre shouts!
The jackal skeleton closely misses you.
You hit the jackal skeleton.
The jackal skeleton is heavily damaged.
The jackal skeleton barely misses you.
You hit the jackal skeleton.
You destroy the jackal skeleton!
Trog accepts your kill.
Your Fighting skill increases to level 4!
You hit the jelly.
Your hands burn!
You tail-slap the jelly.
The jelly is severely wounded.
The jelly closely misses you.
You hit the jelly.
Your hands burn!
The jelly is almost dead.
The jelly barely misses you. The jelly closely misses you.
You hit the jelly.
You kill the jelly!
Trog accepts your kill.
Your Fighting skill increases to level 5!
Your Short Blades skill increases to level 4!
Your Dodging skill increases to level 4!
You have reached level 2!
You have reached level 3!
Your experience leads to an increase in your attributes!
Increase (S)trength, (I)ntelligence, or (D)exterity?
You feel stronger.
Your scales feel tougher.
Okay, then.
The ogre hits you with a +0 giant club!!
Ouch! That really hurt!
You die... ▓▓▓▓▓▓▓▓▓▓▓▓▓▓▓▓▓▓ +..Z.w'.O@.†)...<▓ ▓▓▓▓▓▓▓▓▓▓▓▓▓▓▓▓▓▓

You could see an ogre, a worm and a ball python zombie.

Vanquished Creatures
  A jelly (D)
  An endoplasm (D)
  A goblin (D)
  A ball python (D)
  A bat (D)
  A jackal skeleton (D)
  A rat (D)
7 creatures vanquished.

Notes
Turn   | Place    | Note
-------+----------+-------------------------------------------
     0 | D        | Sopht the Draconian Berserker began the quest for the Orb.
     0 | D        | Reached XP level 1. HP: 19/19 MP: 1/1
     4 | D        | Banished a spatial maelstrom
     8 | D        | Reached ** piety under Trog
    22 | D        | Noticed an ogre
    22 | D        | Noticed a jelly
    25 | D        | Reached skill level 4 in Fighting
    27 | D        | Killed a jelly
    27 | D        | Reached *** piety under Trog
    28 | D        | Reached skill level 5 in Fighting
    28 | D        | Reached XP level 2. HP: 23/29 MP: 2/2
    28 | D        | Reached XP level 3. HP: 29/36 MP: 3/3
    29 | D        | Slain by an ogre

Illustrated notes

Levels and vault maps discovered:
D:        linesprint [early_d, line_temple, items_1, d_10, items_2, lair_1,
          lair_end, items_3, orc_1, orc_end, items_4, d_15, swamp_1, shoals_1,
          snake_1, spider_1, d_20, vaults_1, items_5, swamp_end, shoals_end,
          snake_end, spider_end, vaults_end, d_27, items_6, zot_1, zot_end,
          crypt_end, forest_end, elf_end, slime_end, tomb_end, abyss_end,
          pan_hell_end]

Skill      XL: |  1 |
---------------+----+-----
Dodging        | 4 |  4.2
Fighting       | 5 |  5.2
Short Blades   | 4 |  4.8

Action                   || total
-------------------------++-------
Melee: Short sword       ||    10
       Tailslap          ||     1
Invok: Berserk           ||     1
Armor: Skin              ||     1
Dodge: Dodged            ||     6

Table legend: (Time is in decaauts)
 A = Elapsed time spent in this place.
 B = Non-inter-level travel time spent in this place.
 C = Inter-level travel time spent in this place.
 D = Time resting spent in this place.
 E = Time spent auto-exploring this place.
 F = Levels seen in this place.
 G = Mean time per level.
                   A        B        C        D        E       F      G
               +--------+--------+--------+--------+--------+-----+--------+
         Total |     31 |     31 |      0 |      0 |      0 |   1 |   31.0 |
       Dungeon |     31 |     31 |      0 |      0 |      0 |   1 |   31.0 |
               +--------+--------+--------+--------+--------+-----+--------+

Top non-repeatable levels by time:
       D: 31 daAuts
